 Dungeon Crawl Stone Soup version 0.17-a0-1508-ge7f3dc3 (webtiles) character file.

56 HEYYEYAAE the Ducker (level 3, -2/19 HPs)
             Began as a Spriggan Berserker on July 10, 2015.
             Was a Believer of Trog.
             Killed from afar by Sigmund (8 damage)
             ... with a magic dart
             ... on level 4 of the Dungeon.
             The game lasted 00:03:09 (1969 turns).

HEYYEYAAE the Ducker (Spriggan Berserker)           Turns: 1969, Time: 00:03:09

Health: -2/19      AC:  2    Str: 14    XL:     3   Next: 71%
Magic:  4/4        EV: 20    Int:  8    God:    Trog [**....]
Gold:   84         SH:  0    Dex: 15    Spells: 0 memorised, 2 levels left

rFire  . . .     SeeInvis +     j - +0 short sword (venom)
rCold  . . .     Clarity  .     a - +0 animal skin
rNeg   . . .     SustAt   .     (shield restricted)
rPois  .         Gourm    .     (helmet restricted)
rElec  .         Spirit   .     (no cloak)
rCorr  .         Warding  .     (gloves unavailable)
rMut   .         Stasis   .     (boots unavailable)
MR     .....                    (no amulet)
Stlth  ++........               (no ring)
                                (no ring)

@: very quick, not resistant to hostile enchantments, unstealthy
A: unfitting armour, see invisible, herbivore 3, speed 3, slow metabolism 2
a: Burn Spellbooks, Berserk, Trog's Hand, Renounce Religion


You were on level 4 of the Dungeon.
You worshipped Trog.
Trog was pleased with you.
You were not hungry.

You visited 1 branch of the dungeon, and saw 3 of its levels.

You collected 84 gold pieces.

Inventory:

Hand weapons
 j - a +0 short sword of venom (weapon)
Armour
 a - a +0 animal skin (worn)
Jewellery
 h - a cursed ring of teleportation {unknown}
Scrolls
 c - 3 scrolls of identify {unknown}
 d - 3 scrolls of teleportation {unknown}
 f - a scroll of fear {unknown}
 i - 3 scrolls of magic mapping {unknown}
 l - a scroll of enchant armour {unknown}
Potions
 e - a potion of haste {unknown}
 k - a potion of might {unknown}
Comestibles
 b - 4 bread rations
 g - a slice of pizza


   Skills:
 + Level 2.9 Fighting
 + Level 5.2 Dodging
 + Level 1.2 Stealth
 + Level 3.0 Unarmed Combat


You had 2 spell levels left.
You didn't know any spells.

Dungeon Overview and Level Annotations

Branches:
Dungeon (4/15)
 Temple: D:4-7

Altars:

Annotations:
D:4 Sigmund


Innate Abilities, Weirdness & Mutations

You are tiny and cannot use many weapons and most armour.
You have supernaturally acute eyesight.
You are a herbivore.
You cover ground extremely quickly.
You need consume almost no food.


Message History

i - 3 scrolls labeled ROCVANWICHE (gained 1)
You now have 84 gold pieces (gained 5).
Things that are here:
a club; a leather armour; an orc corpse Sigmund the Dreaded comes into view.
He is wielding a scythe.
Sigmund is nearby!
Sigmund is nearby!
Sigmund is nearby!
The helpless Sigmund fails to defend himself.
You hit Sigmund.
Sigmund is lightly wounded.
Sigmund hits you with a scythe!
Ouch! That really hurt!
You closely miss Sigmund.
Sigmund is lightly wounded.
Sigmund misses you.
A goblin comes into view. It is wielding a dagger.
Sigmund points at you and mumbles some strange words.
The magic dart hits you!
You die...

#. #.# #..#.# .#
..#.##.# #.#.##.# .
#.#.##.# ...
#...##.#
....##...##g#
........@##.###.#..
....#............#
. ###.##.###.##
#.##.# #.##.#
#.@#.# ##.#.# #...#
#####..#####


You could see Sigmund.

Vanquished Creatures
  An ooze (D:1)
  A giant gecko (D:1)
  An orc (D:4)
  3 bats
  4 giant cockroaches
  5 goblins
  6 hobgoblins
  9 jackals (D:1)
  2 giant newts (D:1)
  5 kobolds
  6 rats
43 creatures vanquished.

Notes
Turn   | Place    | Note
--------------------------------------------------------------
     0 | D:1      | HEYYEYAAE the Spriggan Berserker began the quest for the Orb.
     0 | D:1      | Reached XP level 1. HP: 11/11 MP: 2/2
   174 | D:1      | Reached XP level 2. HP: 16/16 MP: 3/3
   879 | D:1      | Reached XP level 3. HP: 3/19 MP: 4/4
   882 | D:1      | Acquired Trog's second power
  1158 | D:1      | Reached skill level 5 in Dodging
  1790 | D:2      | Reached skill level 1 in Stealth
  1817 | D:2      | You fall through a shaft for 2 floors!
  1952 | D:4      | Noticed Sigmund
  1969 | D:4      | Killed from afar by Sigmund

Vault maps used:
D:1:      lightli_arrival_boilingwater, supply_closet_lemuel, minmay_vboxes
D:2:      led_sif_pool, uniq_terence
D:4:      first_bread, uniq_sigmund

Action                   || total
-------------------------++-------
Melee: Unarmed           ||   144
       Short sword       ||    22
  Use: Scroll            ||     1
 Stab: Sleeping          ||     5
